 Dungeon Crawl Stone Soup version 0.26-a0-20-g5f92b90fa0 (webtiles) character file.

Game seed: 18162523544655142989, levelgen mode: deterministic

1079 MisterFreud the Ducker (level 8, -5/54 HPs)
             Began as an Octopode Gladiator on May 25, 2020.
             Killed by divine providence
             ... invoked by an orc priest
              (9 damage)
             ... on level 6 of the Dungeon.
             The game lasted 00:07:37 (4146 turns).

MisterFreud the Ducker (Octopode Gladiator)         Turns: 4146, Time: 00:07:38

Health: -5/54      AC:  2    Str: 13    XL:     8   Next: 29%
Magic:  17/17      EV: 18    Int: 12    God:
Gold:   223        SH:  0    Dex: 14    Spells: 7/7 levels left

rFire    . . .     SeeInvis +   a - +1 long sword
rCold    . . .     Gourm    .   (no shield)
rNeg     . . .     Faith    .   b - +1 hat
rPois    .         Spirit   .   g - amulet of regeneration
rElec    .         Reflect  .   n - ring of magical power
rCorr    +         Harm     .   r - ring of see invisible
MR       .....                  i - ring of resist corrosion
Stlth    ++........             (no ring)
HPRegen  0.58/turn              (no ring)
MPRegen  0.15/turn              (no ring)
                                (no ring)
                                (no ring)

@: brilliant
A: almost no armour, stealthy swim, amphibious, 8 rings, constrict 8, camouflage
1, gelatinous body 1
a: no special abilities


You were on level 6 of the Dungeon.
You were hungry.

You visited 1 branch of the dungeon, and saw 6 of its levels.

You collected 223 gold pieces.

Inventory:

Hand Weapons
 a - a +1 long sword (weapon)
Missiles
 c - 4 throwing nets
 h - 3 boomerangs
 l - 13 poisoned darts (quivered)
 t - 3 silver javelins
Armour
 b - a +1 hat (worn)
Jewellery
 g - an amulet of regeneration (around mantle)
 i - a ring of resist corrosion (on tentacle)
 n - a ring of magical power (left tentacle)
 r - a ring of see invisible (right tentacle)
Wands
 j - a wand of clouds (4)
Scrolls
 e - 2 scrolls of amnesia
 f - 3 scrolls of identify
 q - a scroll of fog
 u - a scroll of magic mapping
Potions
 o - a potion of degeneration {unknown}
 v - a potion of flight {unknown}
Comestibles
 d - 10 rations


   Skills:
 - Level 4.0 Fighting
 - Level 6.0 Long Blades
 - Level 2.0 Throwing
 + Level 7.7 Dodging


You had 7 spell levels left.
You didn't know any spells.
Your spell library was empty.

Dungeon Overview and Level Annotations

Branches:
Dungeon (6/15)
 Temple: D:4-7

Altars:
Dithmenos
Nemelex Xobeh
Uskayaw
Yredelemnul

Annotations:
D:6 1 runed translucent door, Eustachio


Innate Abilities, Weirdness & Mutations

You cannot wear most types of armour.
You are very stealthy in the water. (Stealth+)
You are amphibious.
You can wear up to eight rings at the same time.
You can use your tentacles to constrict eight enemies at once.
Your skin changes colour to match your surroundings (Stealth+).
Your rubbery body absorbs attacks. (AC +1, EV +1)


Message History

Unknown command.
It was a potion of brilliance.
You feel clever all of a sudden.
You constrict Grinder.
You kill Grinder!
The sky beast is engulfed in noxious fumes.
The sky beast appears confused.
The sky beast barely misses you.
You riposte.
You completely miss the sky beast.
The sky beast is almost dead.
The orc priest is engulfed in poison gas.
The orc priest looks as sick as possible!
The orc priest calls down the wrath of Beogh upon you.
You struggle to resist.
Eustachio is engulfed in poison gas.
Eustachio looks as sick as possible!
Eustachio casts a spell.
The river rat is engulfed in poison gas.
The river rat looks even sicker.
The orc priest invokes the aid of Beogh against you.
Beogh smites you!
You die...

,***,,,*,,,,,,,,,,***,*,,,.,,,,,*
,,**,,*#.*##..,,*,**,,,<,*#.***,,
*,,*,**#.##...*,,,,,,,,.,*#.#****
**,,**∩'......,,,,*****#..#..####
**,,**#......***** *#.......[
**,,*#......* ****#...#
**,,#.?.o).* ###))
*,,....OZ§###### ###
*,,.....§°5Y@5@##############
*,,..%).§°####or§ooo.........
*,,.......* #######.########
***###.###*********#.#
#,,*≈≈≈≈≈≈≈≈≈*..#
*,,+≈≈≈≈,≈≈≈≈+..#
**,*≈≈≈≈≈≈≈≈≈#.## **********####*


You could see Eustachio (extremely poisoned), a sky beast (confused), an ogre
(confused), 2 orc priests, a crimson imp, a river rat (summoned, very poisoned),
a shadow imp (summoned), 3 orcs and a centaur skeleton.

Vanquished Creatures
  Grinder (D:6)
  A sky beast (D:5)
  An ogre (D:4)
  A centaur (D:5)
  A bullfrog (D:6)
  A howler monkey (D:4)
  An orc priest (D:4)
  2 bullfrog skeletons
  An iguana (D:6)
  4 orc wizards
  4 worker ants
  A mummy (D:6)
  6 gnolls
  4 adders
  A howler monkey skeleton (D:4)
  2 river rats (D:5)
  An adder skeleton (D:5)
  6 worms
  2 leopard geckos
  16 orcs
  12 giant cockroaches
  3 goblins
  4 hobgoblins
  5 jackals
  9 kobolds
  5 quokkas
  A ball python (D:3)
  8 bats
  7 frilled lizards
  A jackal zombie (D:6)
  A leopard gecko skeleton (D:4)
  3 rats
116 creatures vanquished.

Notes
Turn   | Place    | Note
-------+----------+-------------------------------------------
     0 | D:1      | MisterFreud the Octopode Gladiator began the quest for the
                  | Orb.
     0 | D:1      | Reached XP level 1. HP: 14/14 MP: 1/1
   159 | D:1      | Reached XP level 2. HP: 18/20 MP: 2/2
   258 | D:1      | Found a sparkling altar of Nemelex Xobeh.
   599 | D:1      | Reached XP level 3. HP: 26/26 MP: 3/3
  1558 | D:3      | Reached XP level 4. HP: 15/33 MP: 4/4
  1573 | D:3      | HP: 1/33 [poisoned by a gnoll]
  1951 | D:3      | Found a basalt altar of Yredelemnul.
  2072 | D:3      | You fall into a shaft and drop 1 floor!
  2088 | D:4      | Reached XP level 5. HP: 34/37 MP: 5/5
  2415 | D:4      | Reached skill level 5 in Long Blades
  2467 | D:4      | Noticed a phantom
  2579 | D:4      | Reached XP level 6. HP: 43/43 MP: 6/6
  2928 | D:4      | Reached skill level 4 in Dodging
  3036 | D:5      | Entered Level 5 of the Dungeon
  3061 | D:5      | Reached XP level 7. HP: 31/48 MP: 7/7
  3113 | D:5      | Found a hide-covered altar of Uskayaw.
  3113 | D:5      | Found a shadowy altar of Dithmenos.
  3130 | D:5      | Reached skill level 5 in Dodging
  3905 | D:5      | Reached skill level 6 in Dodging
  4087 | D:6      | Found a runed translucent door.
  4122 | D:6      | Noticed Eustachio
  4128 | D:6      | Noticed Grinder
  4135 | D:6      | Reached XP level 8. HP: 48/54 MP: 8/8
  4144 | D:6      | Reached skill level 7 in Dodging
  4146 | D:6      | Killed Grinder
  4146 | D:6      | Killed from afar by an orc priest

Illustrated notes

Levels and vault maps discovered:
D:1:      mrwooster_arrival_statue, layout_basic, nemelex_altar_shiori
D:2:      layout_loops_ring
D:3:      layout_basic, lemuel_doored_altar
D:4:      layout_basic
D:5:      minmay_inner_zag, layout_basic, gammafunk_temple_overflow_wave,
          gup_sewer_entry_bubbles, first_ration
D:6:      layout_rooms, minitemple, ebering_ghost_sewer_f,
          nicolae_ossuary_entry_giza, serial_bayou_pond_b, uniq_eustachio,
          uniq_grinder

Skill      XL: |  1  2  3  4  5  6  7  8 |
---------------+-------------------------+-----
Fighting       | 3 4 |  4.0
Long Blades    | 4 5 6 |  6.0
Dodging        | 4 6 7 |  7.7
Throwing       | |  2.0

Action                   |  1- 3 |  4- 6 |  7- 9 || total
-------------------------+-------+-------+-------++-------
Melee: Long sword        |    60 |    98 |    79 ||   237
       Constrict         |    20 |    25 |    27 ||    72
       Tentacles         |    13 |    32 |    20 ||    65
Throw: Dart              |       |     2 |       ||     2
Evoke: Wand              |       |       |     2 ||     2
  Use: Potion            |       |     1 |     2 ||     3
       Scroll            |       |     8 |     2 ||    10
 Stab: Sleeping          |    12 |     7 |     1 ||    20
       Confused          |       |       |     1 ||     1
  Eat: Chunk             |     2 |     5 |     3 ||    10
Armor: Skin              |       |     3 |    12 ||    15
Dodge: Dodged            |    47 |    69 |    72 ||   188
       Rpst.: Long sword |    13 |    21 |    22 ||    56

Table legend:
 A = Non-vault XP
 B = Vault XP
 C = Vault XP percentage of total XP
 D = Non-vault monster count
 E = Vault monster count
 F = Vault count percentage of total count
                 A         B        C        D         E       F
            +---------+---------+-------+---------+---------+-------
      Total |    1221 |     321 |  20.8 |     104 |      12 |  10.3
            +---------+---------+-------+---------+---------+-------
        D:1 |      35 |       0 |   0.0 |      19 |       0 |   0.0
        D:2 |      18 |       0 |   0.0 |       9 |       0 |   0.0
        D:3 |     100 |       0 |   0.0 |      27 |       0 |   0.0
        D:4 |     448 |       0 |   0.0 |      20 |       0 |   0.0
        D:5 |     357 |      45 |  11.2 |      14 |      10 |  41.7
        D:6 |     263 |     276 |  51.2 |      15 |       2 |  11.8
            +---------+---------+-------+---------+---------+-------
